 Dungeon Crawl Stone Soup version 0.31-a0-557-g6e16503903 (webtiles) character file.

Game seed: 5522046670696825286

226 Fodor the Covered (level 5, -2/46 HPs)
             Began as a Minotaur Fighter on Aug 16, 2023.
             Slain by pigah's ghost (8 damage)
             ... on level 3 of the Dungeon.
             The game lasted 00:10:27 (1990 turns).

Fodor the Covered (Minotaur Fighter)                Turns: 1990, Time: 00:10:27

Health: -2/46      AC:  8    Str: 22      XL:     5   Next: 69%
Magic:  4/4        EV:  9    Int:  5      God:
Gold:   119        SH:  4    Dex:  8 (10) Spells: 4/4 levels left

rFire   . . .        a - +0 long sword
rCold   . . .        c - +0 buckler
rNeg    . . .        b - +0 scale mail
rPois   .            (helmet restricted)
rElec   .            (no cloak)
rCorr   .            (no gloves)
SInv    .            j - +0 pair of boots
Will    .....        (no amulet) Stlth
                     (no ring)
HPRegen 0.27/turn    (no ring)
MPRegen 0.09/turn

%: no passive effects
@: no status effects
A: horns 2, retaliatory headbutt
a: no special abilities


You were on level 3 of the Dungeon.
You visited 1 branch of the dungeon, and saw 3 of its levels.

You collected 119 gold pieces.

Inventory:

Hand Weapons
 a - a +0 long sword (weapon)
Armour
 b - a +0 scale mail (worn)
 c - a +0 buckler (worn)
 j - a +0 pair of boots (worn)
Scrolls
 e - a scroll of enchant weapon {unknown}
 k - a scroll of poison {unknown}
Potions
 d - 3 potions of might
 f - a potion of cancellation {unknown}
 g - a potion of heal wounds
 h - a potion of lignification {unknown}
 i - a potion of enlightenment {unknown}
 l - a potion of berserk rage {unknown}


   Skills:
 + Level 4.2 Fighting
 + Level 4.8 Long Blades
 + Level 5.2 Armour
 + Level 1.1 Dodging
 + Level 0.7 Stealth
 + Level 4.3 Shields


You had 4 spell levels left.
You didn't know any spells.
Your spell library was empty.

Dungeon Overview and Level Annotations

Branches:
Dungeon (3/15)

Altars:
Sif Muna

Annotations:
D:3 1 transporter, pigah's ghost, amateur OpSh


Innate Abilities, Weirdness & Mutations

You have a pair of horns on your head.
You reflexively headbutt those who attack you in melee.


Message History

You block the quasit's attack.
The quasit claws you but does no damage.
You barely miss pigah's ghost.
You headbutt pigah's ghost, but do no damage.
Pigah's ghost is lightly damaged.
The quasit barely misses you. The quasit closely misses you.
The quasit claws you but does no damage.
Pigah's ghost closely misses you.
You barely miss pigah's ghost.
Pigah's ghost is lightly damaged.
The quasit bites you but does no damage.
The quasit claws you but does no damage.
The quasit barely misses you. Pigah's ghost barely misses you.
The quasit bites you. The quasit closely misses you. The quasit misses you.
You slash pigah's ghost! Your headbutt misses pigah's ghost.
Pigah's ghost is moderately damaged.
The quasit bites you but does no damage.
The quasit closely misses you. The quasit barely misses you.
You block pigah's ghost's attack.
You miss pigah's ghost. Your headbutt misses pigah's ghost.
Pigah's ghost is moderately damaged.
The quasit barely misses you. You block the quasit's attack.
The quasit claws you but does no damage.
Pigah's ghost hits you but does no damage.
The quasit bites you but does no damage.
The quasit claws you but does no damage. x2
Pigah's ghost hits you!
* * * LOW HITPOINT WARNING * * *
You closely miss pigah's ghost. Your headbutt misses pigah's ghost.
Pigah's ghost is moderately damaged.
You block the quasit's attack.
The quasit claws you but does no damage.
You block the quasit's attack. Pigah's ghost hits you.
* * * LOW HITPOINT WARNING * * *
You hit pigah's ghost. Your headbutt misses pigah's ghost.
Pigah's ghost is moderately damaged.
The quasit barely misses you.
The quasit claws you but does no damage.
The quasit misses you. Pigah's ghost hits you!
You die...

#.....##.#####..##..........
#.....#....5 ##..#..........
#....##..#....##.#.........>
#....#.#...#... .########.#.
#....# .#.##..# ?# #...
###.)##.#...#.# .. #...
#.).#$#.....##.# ....
#..©#$=.5#...# ....
#...#..#W@.# ##
#..##.....#.# #..#..#.#.. #
#..#..#.#... ...# .....©#
##... ##...###. ..#. #####
....... .. ...... ##


oo.. You could see a quasit and pigah's ghost.

Vanquished Creatures
  A quasit (D:3)
  An orc priest (D:3)
  Jessica (D:3)
  An orc wizard (D:3)
  2 adders (D:2)
  5 worms (D:2)
  A dart slug (D:2)
  8 orcs
  5 bats
  5 endoplasms
  7 goblins
  8 hobgoblins
  2 quokkas
  5 ball pythons
  8 frilled lizards
  8 kobolds
  6 rats
74 creatures vanquished.

Notes
Turn   | Place    | Note
-------+----------+-------------------------------------------
     0 | D:1      | Fodor the Minotaur Fighter began the quest for the Orb.
     0 | D:1      | Reached XP level 1. HP: 19/19 MP: 0/0
   126 | D:1      | Reached XP level 2. HP: 27/27 MP: 1/1
   170 | D:1      | Reached skill level 4 in Armour
   658 | D:2      | Found a shimmering blue altar of Sif Muna.
   666 | D:2      | Reached XP level 3. HP: 33/33 MP: 2/2
  1109 | D:2      | Reached XP level 4. HP: 35/40 MP: 3/3
  1225 | D:2      | Found a faded altar of an unknown god.
  1566 | D:3      | Noticed Jessica
  1572 | D:3      | Killed Jessica
  1730 | D:3      | Reached XP level 5. HP: 24/46 MP: 4/4
  1735 | D:3      | Reached skill level 5 in Armour
  1741 | D:3      | Reached skill level 1 in Dodging
  1742 | D:3      | HP: 2/46 [orc/+0 trident (2)]
  1926 | D:3      | Noticed pigah's ghost (amateur OpSh)
  1935 | D:3      | Found a transporter.
  1965 | D:3      | Found a transporter.
  1990 | D:3      | Slain by pigah's ghost

Illustrated notes

Levels and vault maps discovered:
D:1:      lightli_arrival_noodles, layout_basic, chequers_serial_rivers_micro_b
D:2:      layout_rooms, basic_altar,
          dreamdust_ecumenical_altar_angels_and_demons, st_stairs_9,
          guppyfry_early_orc_mine
D:3:      layout_rooms, gammafunk_ghost_stat_death, uniq_jessica

Skill      XL: |  1  2  3  4  5 |
---------------+----------------+-----
Armour         | 4 5 |  5.2
Shields        | 4 |  4.3
Long Blades    | 3 4 |  4.8
Fighting       | 4 |  4.2
Dodging        | 1 |  1.1
Stealth        | |  0.7

Action                     |  1- 3 |  4- 6 || total
---------------------------+-------+-------++-------
  Melee: Long sword        |    93 |   112 ||   205
         Headbutt          |    12 |    13 ||    25
    Use: Potion            |       |     1 ||     1
 Armour: Scale mail        |    46 |   110 ||   156
  Dodge: Dodged            |    61 |    97 ||   158
  Block: Buckler           |    25 |    44 ||    69

Table legend: (Time is in decaauts)
 A = Elapsed time spent in this place.
 B = Non-inter-level travel time spent in this place.
 C = Inter-level travel time spent in this place.
 D = Time resting spent in this place.
 E = Time spent auto-exploring this place.
 F = Levels seen in this place.
 G = Mean time per level.
                   A        B        C        D        E       F      G
               +--------+--------+--------+--------+--------+-----+--------+
         Total |   2041 |   2038 |      3 |    399 |      0 |   3 |  680.3 |
       Dungeon |   2041 |   2038 |      3 |    399 |      0 |   3 |  680.3 |
               +--------+--------+--------+--------+--------+-----+--------+

Top non-repeatable levels by time:
     D:2: 877 daAuts
     D:1: 646 daAuts
     D:3: 517 daAuts
